 Dungeon Crawl Stone Soup version 0.32-a0-872-g59262bdc9b (webtiles) character file.

Game seed: 11209757054895713429

1645012 Ajdolov the Englaciator (level 26, 227/227 HPs)
             Began as a Ghoul Ice Elementalist on Mar 30, 2024.
             Was the Champion of Sif Muna.
             Escaped with the Orb
             ... and 3 runes on Mar 31, 2024!
             The game lasted 04:13:45 (67539 turns).

Ajdolov the Englaciator (Ghoul Ice Elementalist)   Turns: 67539, Time: 04:13:46

Health: 227/227    AC: 19    Str: 16    XL:     26   Next: 35%
Magic:  43/43      EV: 12    Int: 25    God:    Sif Muna [******]
Gold:   4745       SH:  8    Dex:  9    Spells: 7/57 levels left

rFire   + + +        T - staff of Juokhlel {^Contam rPois rC++ Int+3 Ice Alchemy}
rCold   + + +        x - +3 warlock's mirror {omnireflect}
rNeg    + + +        c - +5 ring mail {Will+}
rPois   ∞            (no helmet)
rElec   +            L - scarf {rC+ rF+}
rCorr   .            A - +2 pair of gloves "Syren" {rF+ Will+}
SInv    .            O - +2 pair of boots
Will    +++..        E - amulet of magic regeneration
Stlth   +            r - ring of the Burning Gods {rElec rF+ rN+}
HPRegen 0.57/turn    P - ring of the Mage {Wiz Archmagi}
MPRegen 0.68/turn

%: reflection, wizardry (x1), archmagi
@: no status effects
A: claws 1, cold resistance 1, negative energy resistance 3, inhibited
regeneration, torment resistance 2, devour on kill
0: Orb of Zot
}: 3/15 runes: decaying, serpentine, slimy
a: Renounce Religion, Channel Magic, Forget Spell, Divine Exegesis


You escaped.
You worshipped Sif Muna.
Sif Muna was exalted by your worship.
You visited 11 branches of the dungeon, and saw 51 of its levels.
You also visited: Gauntlet, Ice Cave, Volcano and Wizlab.

You collected 7684 gold pieces.
You spent 2939 gold pieces at shops.

Inventory:

Missiles
 s - a throwing net
 F - 9 curare-tipped darts
Armour
 c - a +5 ring mail of willpower (worn)
 x - the +3 warlock's mirror (worn) {omnireflect}
   (You acquired it on level 5 of the Lair of Beasts)

   Omnireflect: It can block and reflect piercing ranged attacks and magical
   attacks against the wielder's willpower.
 A - the +2 pair of gloves "Syren" (worn) {rF+ Will+}
   (You acquired it on level 4 of the Lair of Beasts)

   rF+:       It protects you from fire.
   Will+:     It increases your willpower.
 L - a scarf of resistance (worn)
 O - a +2 pair of boots (worn)
 W - +0 steam dragon scales
Magical Staves
 T - the staff of Juokhlel (weapon) {^Contam rPois rC++ Int+3 Ice Alchemy}
   (You found it on level 14 of the Dungeon)

   [staff of alchemy]

   Base accuracy: +5 Base damage: 5 Base attack delay: 1.2 This weapon's minimum
   attack delay (0.6) is reached at skill level 12.
   Int+3:     It affects your intelligence (+3).
   rC++:      It greatly protects you from cold.
   rPois:     It protects you from poison.
   ^Contam:   It causes magical contamination when unequipped.
   Ice:       It increases the power of your Ice spells.
   Alchemy:   It increases the power of your Alchemy spells.
   It falls into the 'Staves' category.
   It is a one-clawed weapon.
Jewellery
 r - the ring of the Burning Gods (left hand) {rElec rF+ rN+}
   (You bought it in a shop on level 2 of the Orcish Mines)

   [ring of protection from fire]

   rF+:       It protects you from fire.
   rElec:     It insulates you from electricity.
   rN+:       It protects you from negative energy.
 z - the ring "Vulighih" {*Corrode rN++ Str+3 Dex+6 SInv}
   (You acquired it on level 15 of the Dungeon)

   [ring of dexterity]

   Str+3:     It affects your strength (+3).
   Dex+6:     It affects your dexterity (+6).
   rN++:      It greatly protects you from negative energy.
   SInv:      It lets you see invisible.
   *Corrode:  It may corrode you when you take damage.
 B - an amulet of guardian spirit
 E - an amulet of magic regeneration (around neck)
 P - the ring of the Mage (right hand) {Wiz Archmagi}
   (You bought it in a shop on level 2 of the Orcish Mines)

   [ring of wizardry]

   Wiz:       It improves your spell success rate.
   Archmagi:  It increases the power of your magical spells.
 U - a ring of flight
 Y - the ring of Music {rF+ rC+ rCorr Dex+6}
   (You found it on level 4 of the Lair of Beasts)

   [ring of dexterity]

   Dex+6:     It affects your dexterity (+6).
   rF+:       It protects you from fire.
   rC+:       It protects you from cold.
   rCorr:     It protects you from acid and corrosion.
Wands
 d - a wand of polymorph (2)
 w - a wand of digging (1)
 D - a wand of acid (29)
 K - a wand of flame (150)
 S - a wand of iceblast (33)
 V - a wand of mindburst (23)
 X - a wand of paralysis (5)
Scrolls
 e - 7 scrolls of torment
 g - 2 scrolls of revelation
 l - 8 scrolls of vulnerability
 m - 5 scrolls of amnesia
 n - 6 scrolls of silence
 o - 6 scrolls of blinking
 u - 19 scrolls of teleportation
 y - 4 scrolls of summoning
 C - 8 scrolls of noise
 I - 4 scrolls of immolation
 M - 6 scrolls of fog
 Q - 3 scrolls of fear
 R - 6 scrolls of poison
Potions
 a - 4 potions of cancellation
 b - 4 potions of magic
 f - 12 potions of attraction
 h - 2 potions of resistance
 j - 5 potions of brilliance
 k - 17 potions of curing
 p - 5 potions of ambrosia
 q - 2 potions of haste
 t - 5 potions of heal wounds
 v - 7 potions of invisibility
 N - 7 potions of enlightenment
Miscellaneous
 i - a lightning rod (4/4)
 J - a box of beasts
 Z - a phantom mirror


   Skills:
 + Level 16.8 Fighting
 - Level 10.0 Armour
 - Level 10.0 Dodging
 - Level 5.0 Stealth
 - Level 10.0 Shields
 + Level 16.0 Spellcasting
 - Level 5.0 Conjurations
 O Level 27 Ice Magic
 - Level 5.0 Air Magic
 + Level 21.0 Earth Magic
 - Level 14.0 Invocations
 - Level 10.0 Evocations


You had 7 spell levels left.
You knew the following spells:

 Your Spells              Type           Power      Damage    Failure   Level
a - Borgnjor's Vile Clut  Necr/Erth      41%        N/A       1%          5
b - Blink                 Tloc           60%        N/A       3%          2
c - Ozocubu's Armour      Ice            100%       N/A       0%          3
d - Summon Ice Beast      Ice/Summ       100%       N/A       1%          3
e - Freezing Cloud        Conj/Ice/Air   55%        6-21      1%          5
f - Ozocubu's Refrigerat  Ice            74%        4d24      1%          7
g - Permafrost Eruption   Ice/Erth       71%        2x4d16    1%          6
h - Polar Vortex          Ice            74%        12d9*     3%          9
i - Shatter               Erth           56%        3d42*     34%         9
j - Apportation           Tloc           60%        N/A       2%          1

Your spell library contained the following spells:

 Spells                   Type           Power      Damage    Failure   Level
 Freeze                   Ice            100%       1d10      0%          1
 Sandblast                Erth           100%       2d20      0%          1
 Frozen Ramparts          Ice            100%       1d16      0%          3
 Hailstorm                Conj/Ice       100%       3d16      0%          3
 Passwall                 Erth           100%       N/A       0%          3
 Foxfire                  Conj/Fire      100%       2x1d9     1%          1
 Kiss of Death            Conj/Necr      100%       2d13      1%          1
 Magic Dart               Conj           100%       1d8       1%          1
 Shock                    Conj/Air       100%       1d9       1%          1
 Sting                    Conj/Alch      100%       1d9       1%          1
 Cigotuvi's Dreadful Rot  Necr/Alch/Air  100%       N/A       1%          2
 Ensorcelled Hibernation  Hex/Ice        100%       N/A       1%          2
 Mercury Vapours          Alch/Air       100%       N/A       1%          2
 Momentum Strike          Conj/Tloc      96%        3d10      1%          2
 Searing Ray              Conj           100%       2d8       1%          2
 Static Discharge         Conj/Air       100%       3-8/arc   1%          2
 Mephitic Cloud           Conj/Alch/Air  70%        N/A       1%          3
 Stone Arrow              Conj/Erth      100%       3d13      1%          3
 Swiftness                Air            61%        N/A       1%          3
 Animate Armour           Summ/Erth      100%       N/A       1%          4
 Brom's Barrelling Bould  Conj/Erth      91%        2d10      1%          4
 Leda's Liquefaction      Alch/Erth      52%        N/A       1%          4
 Petrify                  Alch/Erth      100%       N/A       1%          4
 Lee's Rapid Deconstruct  Erth           56%        3d26*     1%          5
 Metabolic Englaciation   Hex/Ice        57%        N/A       1%          5
 Bombard                  Conj/Erth      45%        9d8       1%          6
 Sculpt Simulacrum        Ice/Alch       69%        N/A       1%          6
 Necrotise                Necr           100%       1d9       2%          1
 Slow                     Hex            100%       N/A       2%          1
 Summon Small Mammal      Summ           100%       N/A       2%          1
 Dazzling Flash           Conj/Hex       96%        N/A       2%          3
 Airstrike                Air            30%        2d(5-21)  2%          4
 Call Imp                 Summ           60%        N/A       3%          2
 Jinxbite                 Hex            60%        N/A       3%          2
 Lesser Beckoning         Tloc           60%        N/A       3%          2
 Scorch                   Fire           60%        2d7       3%          2
 Call Canine Familiar     Summ           30%        N/A       6%          3
 Confusing Touch          Hex            30%        N/A       6%          3
 Inner Flame              Hex/Fire       30%        N/A       6%          3
 Sigil of Binding         Hex            30%        N/A       6%          3
 Teleport Other           Tloc           30%        N/A       6%          3
 Tukima's Dance           Hex            30%        N/A       6%          3
 Vampiric Draining        Necr           30%        2d8       6%          3
 Flame Wave               Conj/Fire      48%        2d12      8%          4
 Fulminant Prism          Conj/Alch      32%        3d16      8%          4
 Iskenderun's Mystic Bla  Conj/Tloc      48%        2d11      (+2d58%     4
 Summon Lightning Spire   Summ/Air       48%        N/A       8%          4
 Vhi's Electric Charge    Tloc/Air       96%        N/A       8%          4
 Arcjolt                  Conj/Air       30%        1d40      8%          5
 Iskenderun's Battlesphe  Conj           61%        2d11      8%          5
 Anguish                  Hex/Necr       15%        N/A       21%         4
 Animate Dead             Necr           30%        N/A       21%         4
 Cause Fear               Hex            15%        N/A       21%         4
 Dispel Undead            Necr           30%        3d14      21%         4
 Ignite Poison            Fire/Alch      45%        N/A       21%         4
 Martyr's Knell           Necr/Summ      30%        N/A       21%         4
 Maxwell's Portable Pile  Tloc           30%        2d(10-19) 21%         4
 Olgreb's Toxic Radiance  Alch           45%        N/A       21%         4
 Passage of Golubria      Tloc           30%        N/A       21%         4
 Sticky Flame             Fire/Alch      45%        2d9       21%         4
 Summon Blazeheart Golem  Fire/Summ      30%        N/A       21%         4
 Fireball                 Conj/Fire      24%        3d11      21%         5
 Irradiate                Conj/Alch      32%        3d22      21%         5
 Silence                  Hex/Air        24%        N/A       21%         5
 Conjure Ball Lightning   Conj/Air       30%        3x3d10    38%         6
 Alistair's Intoxication  Alch           30%        N/A       47%         5
 Curse of Agony           Necr           30%        N/A       47%         5
 Summon Forest            Summ/Tloc      15%        N/A       47%         5
 Summon Mana Viper        Hex/Summ       30%        N/A       47%         5
 Yara's Violent Unravell  Hex/Alch       22%        3d10      47%         5
 Plasma Beam              Fire/Air       24%        2x1d36    71%         6
 Starburst                Conj/Fire      24%        6d8       71%         6
 Orb of Destruction       Conj           30%        9d10      89%         7
 Death Channel            Necr           15%        N/A       95%         6
 Dispersal                Tloc           15%        N/A       95%         6
 Eringya's Noxious Bog    Alch           22%        4d6       95%         6
 Gell's Gavotte           Tloc           15%        2d(18-26) 95%         6
 Summon Cactus Giant      Summ           15%        N/A       95%         6
 Spellforged Servitor     Conj/Summ      24%        N/A       99%         7
 Enfeeble                 Hex            15%        N/A       100%        7
 Haunt                    Necr/Summ      15%        N/A       100%        7
 Malign Gateway           Summ/Tloc      15%        N/A       100%        7
 Monstrous Menagerie      Summ           15%        N/A       100%        7
 Summon Hydra             Summ           15%        N/A       100%        7
 Lehudib's Crystal Spear  Conj/Erth      45%        10d11     52%         8
 Discord                  Hex            15%        N/A       100%        8
 Disjunction              Tloc           15%        N/A       100%        8
 Ignition                 Fire           15%        3d6       100%        8
 Maxwell's Capacitive Co  Air            30%        ∞         100%        8
 Summon Horrible Things   Summ           15%        N/A       100%        8
 Chain Lightning          Conj/Air       30%        3d40      100%        9
 Fire Storm               Conj/Fire      24%        8d6       100%        9
 Sublimation of Blood     Necr           Unusable   N/A       N/A         2

Dungeon Overview and Level Annotations

Branches:
Dungeon (15/15)            Temple (1/1) D:5            Lair (5/5) D:9
  Swamp (4/4) Lair:2        Snake (4/4) Lair:3        Slime (5/5) Lair:4
    Orc (2/2) D:12            Elf (2/3) Orc:2        Vaults (4/5) D:14
  Crypt (0/3) Vaults:2     Depths (4/4) D:15            Zot (5/5) Depths:4
  IceCv (visited)         Volcano (visited)          WizLab (visited)
Gauntlet (visited)

Altars:
Ashenzari
Cheibriados
Dithmenos
Gozag
Hepliaklqana
Kikubaaqudgha
Makhleb
Nemelex Xobeh
Okawaru
Qazlal
Ru
Sif Muna
Trog
Uskayaw
Vehumet
Wu Jian
Xom
Yredelemnul
Beogh

Shops:
D:7 (   Orc:2 *=:*   Snake:2 :   Vaults:1 (   Depths:1 *   Depths:2 [
Depths:4 :==

Portals:
Hell: Depths:1 Depths:2 Depths:3 Depths:4
Abyss: Depths:2 Depths:3
Pandemonium: Depths:2
Ziggurat: Depths:4

Annotations:
D:3 Sigmund
D:10 2 transporters
D:15 1 runed translucent door, Lugebuh's ghost, journeyman OpAl
Lair:3 1 exclusion
Snake:1 2 transporters, greenbourne's ghost, adept VSFi
Snake:2 3 runed translucent doors, Kimmuar's ghost, adept GrEE
Elf:2 3 runed translucent doors


Innate Abilities, Weirdness & Mutations

You are immune to poison.
You have sharp fingernails.
Your flesh is cold resistant. (rC+)
You are immune to negative energy. (rN+++)
You do not regenerate when monsters are visible.
You are immune to unholy pain and torment.
You thrive by killing the living.


Message History

There is a stone staircase leading up here.
You climb upwards.
There is a stone staircase leading down here.
There is a stone staircase leading up here.
You climb upwards.
There is a stone staircase leading down here.
There is a stone staircase leading up here.
You climb upwards.
Level annotation: Sigmund
There is a stone staircase leading down here.
There is a stone staircase leading up here.
You climb upwards.
There is a stone staircase leading down here.
There is a stone staircase leading up here.
You climb upwards.
There is a stone staircase leading down here.
You climb downwards.
There is a stone staircase leading up here.
You climb upwards.
There is a stone staircase leading down here.
You hear a grinding noise.
A cacodemon comes into view.
You can't see any susceptible monsters within range! (Use Z to cast anyway.)
Casting: Permafrost Eruption (safe; 1% risk of failure)
Confirm with . or Enter, or press ? or * to list all spells.
You feel a strong surge of power!
The heat is drained from your surroundings.
The cacodemon is heavily wounded.
The cacodemon moves out of view.
Unknown command.
You hear a grinding noise.
You hear a grinding noise.
You hear a grinding noise.
You hear a grinding noise.
You hear a grinding noise.
There is a staircase leading out of the dungeon here.
Search for what [Enter for "hat", or ? for help]? hat Can't find anything matching that.
Unknown command.
You have escaped!

.....## #.## #.#...(.###..#
#....# #..# #.#.....÷.#..#
#####..##################........
.......................##.##.#..#
.......................##.##.#..#
...#####...####...##...##.##.#..#
...# #...# #...##...##.##.#..#
.÷.# #...####........#........#
...#####........@..>...#.......##
.........(.............#.....###
............÷#######...#######
.....#####...# #...# ##...# #...#
#...# #.†.# #...# #...#
##...#####...#######...#
.......................#
.......................#


There were no monsters in sight!

Vanquished Creatures
  the Royal Jelly (Slime:5)
  A dread lich (Zot:5)
  An ancient lich (Zot:5)
  4 orbs of fire (Zot:5)
  Mara (Depths:3)
  4 Killer Klowns
  A shard shrike (IceCv)
  Boris (Depths:3)
  Saint Roka (Snake:3)
  the Lernaean hydra (Swamp:4)
  3 curse toes
  Vashnia (Snake:4)
  Margery (Vaults:3)
  Nikola (Swamp:1)
  8 golden dragons
  2 bone dragons
  A hellephant (Vaults:3)
  Jorgrun (Elf:2)
  2 electric golems (Zot:5)
  9 tentacled monstrosities
  Mlioglotl (Swamp:2)
  2 liches (Depths:1)
  21 Orb Guardians
  3 quicksilver dragons
  4 titans
  A walking earthen tome (Depths:4)
  A sphinx (Depths:1)
  A deep elf blademaster (Elf:2)
  2 ancient champions (Vaults:2)
  A pandemonium lord (Depths:1)
  17 acid blobs
  3 death cobs
  A thorn hunter (Swamp:1)
  Kirke (D:15)
  3 storm dragons
  2 shadow dragons
  4 protean progenitors
  Donald (Vaults:3)
  An azure jelly (Slime:5)
  Aizul (Snake:1)
  6 draconian knights
  4 draconian monks
  4 nagarajas (Snake:4)
  16 rockslimes
  13 frost giants
  6 fire giants
  A fenstrider witch (Swamp:3)
  10 vault wardens
  6 draconian scorchers
  4 draconian shifters
  Louise (Snake:2)
  9 ironbound preservers
  A ghost moth (Zot:5)
  2 orc warlords (Orc:1)
  4 quicksilver oozes (Slime:5)
  3 draconian annihilators
  15 stone giants
  Nessos (Lair:4)
  9 formless jellyfish
  19 very ugly things
  9 ironbound thunderhulks
  3 vampire knights
  9 black draconians
  7 green draconians
  4 eleionomae
  7 war gargoyles
  A deep elf demonologist (Elf:2)
  6 purple draconians
  A deep elf death mage (Elf:1)
  4 yellow draconians
  The ghost of Nomaen the Martial Artist, a journeyman GnSh of Yredelemnul (Lair:4)
  5 white draconians
  2 spark wasps (Depths:4)
  4 red draconians
  A minotaur (Gauntlet)
  7 bunyips
  8 dire elephants (Vaults:1)
  13 ettins
  Azrael (Orc:2)
  2 entropy weavers
  A jiangshi (Vaults:2)
  Josephine (Lair:4)
  8 yaktaur captains
  9 fire dragons
  8 great orbs of eyes
  2 deep elf high priests
  2 shambling mangroves
  A spriggan zombie (Depths:2)
  4 rakshasas
  20 hydras
  3 ogre magi (Orc:2)
  3 salamander tyrants
  15 vault guards
  4 ice dragons
  2 peacekeepers (Vaults:4)
  5 spriggan air magi
  A catoblepas (Lair:5)
  7 alligators
  5 ghost crabs
  13 ironbound frosthearts
  18 anacondas
  14 centaur warriors
  15 dancing weapons
  6 deep troll shamans
  6 death yaks (Lair:5)
  3 boulder beetles
  16 two-headed ogres
  4 occultists
  13 naga sharpshooters
  8 deep troll earth magi
  2 vampire magi
  8 spriggan berserkers
  10 tengu warriors
  18 naga warriors
  5 deep elf knights
  20 hell knights
  6 skeletal warriors
  A wretched star (Gauntlet)
  5 shock serpents
  19 spriggans
  2 sun demons (Zot:5)
  2 fire crabs
  12 iron trolls
  6 salamander mystics
  4 sea snakes (Snake:3)
  5 goliath frogs
  4 spriggan druids
  2 spectral anacondas (Snake:2)
  55 deep trolls
  Lodul (D:11)
  3 flayed ghosts
  6 glowing orange brains
  A golden dragon zombie (Depths:2)
  7 arcanists
  18 mana vipers
  A shadow demon (Zot:4)
  12 naga ritualists
  11 bog bodies
  An obsidian bat (Orc:2)
  14 swamp dragons
  A wolf spider (D:15)
  6 deep elf archers
  14 deep elf zephyrmancers
  A stone giant zombie (WizLab)
  A phantasmal warrior (D:14)
  A harpy (shapeshifter) (D:14)
  7 harpies
  An orange crystal statue (IceCv)
  5 thermic dynamos
  20 deep elf pyromancers
  5 necromancers
  10 ironbound convokers
  8 lindwurms
  2 anaconda skeletons (Snake:2)
  34 ugly things
  9 orc sorcerers
  22 salamanders
  2 manticores
  5 will-o-the-wisps
  2 cyclopes
  8 shining eyes
  A toenail golem (D:15)
  14 elephants
  A moth of wrath (shapeshifter) (D:15)
  7 kobold blastminers
  22 moths of wrath
  16 vault sentinels
  4 eyes of devastation
  Joseph (D:8)
  5 guardian serpents
  15 naga magi
  7 torpor snails
  A water nymph (D:15)
  16 cane toads
  52 black mambas
  A smoke demon (Depths:2)
  3 gargoyles
  21 rime drakes (IceCv)
  A hellion (Zot:5)
  14 komodo dragons
  2 freezing wraiths (Swamp:2)
  4 tengu conjurers
  30 yaktaurs
  2 unseen horrors
  2 anaconda simulacra (Snake:2)
  3 efreet (Zot:1)
  2 red devils
  16 trolls
  A queen bee (shapeshifter) (D:15)
  11 polar bears (IceCv)
  11 tyrant leeches
  A tengu simulacrum (Depths:2)
  33 hornets
  A bloated husk (Swamp:3)
  2 tarantellas
  10 blink frogs
  6 dream sheep (Lair:5)
  75 slime creatures
  3 glass eyes
  A spriggan (shapeshifter) (D:15)
  4 air elementals (Elf:1)
  A shadow (D:11)
  2 wraiths (Lair:4)
  A hog (D:15)
  2 water elementals
  47 yaks
  8 wyverns
  5 fire bats
  6 golden eyes (Slime:3)
  3 steam dragons (Volcano)
  4 basilisks
  3 fire elementals
  A neqoxec (Gauntlet)
  17 wargs
  2 redbacks (Vaults:4)
  Edmund (D:6)
  7 vampire mosquitoes
  42 nagas
  3 hell hounds (Orc:2)
  A swamp worm (shapeshifter) (Elf:2)
  22 swamp worms
  12 water moccasins
  16 orc warriors
  2 black bears
  5 sky beasts
  7 swamp drakes (Swamp:4)
  2 ice beasts
  3 laughing skulls
  25 ogres
  12 wolves
  4 boggarts (Vaults:1)
  8 centaurs
  2 phantoms
  13 bullfrogs
  A gnoll sergeant (D:6)
  An earth elemental (Elf:1)
  5 scorpions
  4 wights
  13 killer bees
  2 howler monkeys
  2 electric eels (Lair:4)
  2 bombardier beetles
  2 gnoll boudas (D:6)
  14 orc priests
  11 hounds
  A sleepcap (D:6)
  Terence (D:3)
  2 iguanas (D:6)
  4 hell rats (Lair:2)
  24 orc wizards
  4 adders
  6 gnolls
  4 river rats (Lair:2)
  A shadow imp (D:7)
  2 ufetubi (D:6)
  3 dart slugs
  A ribbon worm (shapeshifter) (Elf:2)
  2 ribbon worms
  66 orcs
  6 endoplasms
  3 giant cockroaches
  3 goblins
  3 hobgoblins
  11 kobolds
  3 quokkas
  4 ball pythons
  3 bats
  3 frilled lizards
  12 rats
  3 aspiring fleshes
1930 creatures vanquished.

Vanquished Creatures (collateral kills)
  An ironbound preserver (Vaults:1)
  2 hydras (D:13)
  2 two-headed ogres
  A cyclops (D:12)
  2 salamanders (Volcano)
  6 elephants
  A cane toad (Lair:1)
  2 komodo dragons (Volcano)
  2 rime drakes
  A polar bear (IceCv)
  7 blink frogs
  3 slime creatures
  A shadow (D:10)
  3 wyverns
  A wraith (Lair:4)
  16 yaks
  A warg (Orc:2)
  Grum (D:8)
  A fire bat (Volcano)
  A steam dragon (Volcano)
  A swamp worm (Lair:2)
  3 water moccasins (Lair:1)
  An orc warrior (D:6)
  2 sky beasts (D:7)
  2 wolves
  A centaur (D:9)
  11 ogres
  4 kobold brigands
  A gnoll sergeant (D:6)
  4 bullfrogs
  5 howler monkeys
  A bombardier beetle (D:4)
  4 orc priests
  4 hounds
  A jelly (D:7)
  2 gnoll boudas
  4 orc wizards
  A hell rat (Lair:2)
  3 gnolls
  2 river rats (Lair:2)
  A white imp (D:7)
  8 orcs
  A hobgoblin (D:4)
  A ball python (D:4)
  A rat (Lair:2)
124 creatures vanquished.

Vanquished Creatures (others)
  4 foxfires
4 creatures vanquished.

Grand Total: 2058 creatures vanquished

Notes
Turn   | Place    | Note
-------+----------+-------------------------------------------
     0 | D:1      | Ajdolov the Ghoul Ice Elementalist began the quest for the
                  | Orb.
     0 | D:1      | Reached XP level 1. HP: 14/14 MP: 3/3
   195 | D:1      | You fall into a shaft and drop 1 floor!
   227 | D:1      | Reached XP level 2. HP: 20/20 MP: 3/5
   800 | D:1      | Reached XP level 3. HP: 26/26 MP: 3/6
  1121 | D:2      | Reached skill level 5 in Ice Magic
  1271 | D:2      | Reached XP level 4. HP: 33/33 MP: 2/8
  1276 | D:2      | Learned a level 3 spell: Frozen Ramparts
  1280 | D:2      | Learned a level 3 spell: Ozocubu's Armour
  2464 | D:3      | Noticed Terence
  2484 | D:3      | Found a faded altar of an unknown god.
  2484 | D:3      | Noticed Sigmund
  2558 | D:3      | Killed Terence
  2559 | D:3      | Reached XP level 5. HP: 38/38 MP: 0/10
  2704 | D:3      | Reached skill level 6 in Ice Magic
  2883 | D:3      | Found a burning altar of Makhleb.
  3165 | D:3      | Learned a level 3 spell: Summon Ice Beast
  3221 | D:3      | Reached XP level 6. HP: 12/45 MP: 11/11
  3682 | D:4      | Found an iron altar of Okawaru.
  3688 | D:4      | Reached skill level 7 in Ice Magic
  3688 | D:4      | Reached XP level 7. HP: 47/50 MP: 13/13
  3954 | D:5      | Entered Level 5 of the Dungeon
  3990 | D:5      | Found a basalt altar of Yredelemnul.
  3993 | D:5      | Found a shimmering altar of Xom.
  4096 | D:5      | Noticed a wyvern
  4114 | D:5      | Reached skill level 5 in Spellcasting
  4183 | D:5      | Killed a wyvern
  4184 | D:5      | Reached skill level 8 in Ice Magic
  4184 | D:5      | Reached XP level 8. HP: 13/57 MP: 3/16
  4644 | D:5      | Found a staircase to the Ecumenical Temple.
  4653 | Temple   | Entered the Ecumenical Temple
  4747 | D:5      | Found a broken altar of Ashenzari.
  5088 | D:5      | Reached skill level 9 in Ice Magic
  5710 | D:6      | Reached XP level 9. HP: 62/62 MP: 19/19
  5735 | D:6      | Reached skill level 10 in Ice Magic
  5915 | D:6      | Noticed a troll
  5920 | D:6      | Killed a troll
  5921 | D:6      | Reached skill level 11 in Ice Magic
  6040 | D:6      | Reached XP level 10. HP: 57/69 MP: 22/22
  6401 | D:6      | Reached skill level 12 in Ice Magic
  6688 | D:6      | Found a shimmering blue altar of Sif Muna.
  6721 | D:6      | Became a worshipper of Sif Muna the Loreminder
  6876 | D:6      | Noticed Edmund
  6882 | D:6      | Killed Edmund
  7249 | D:7      | Found Ymekh's Weapon Shoppe.
  7406 | D:7      | Found a stormy altar of Qazlal.
  8412 | D:8      | Noticed Grum
  8419 | D:8      | Reached skill level 13 in Ice Magic
  8422 | D:8      | Killed Grum
  8422 | D:8      | Reached * piety under Sif Muna
  8560 | D:8      | Found a shadowy altar of Dithmenos.
  8568 | D:8      | Noticed a skeletal warrior
  8568 | D:8      | Noticed a skeletal warrior
  8568 | D:8      | Noticed a skeletal warrior
  8570 | D:8      | Noticed a skeletal warrior
  8926 | D:9      | Found a sacrificial altar of Ru.
  8971 | D:9      | Reached skill level 10 in Spellcasting
  8971 | D:9      | Reached XP level 11. HP: 74/74 MP: 25/25
  9052 | D:9      | Identified 2 scrolls of acquirement
  9061 | D:9      | Acquired a Trismegistus Codex
  9063 | D:9      | Acquired the +0 buckler of the Known World {^Contam Will+
                  | Regen+ Str+8}
  9122 | D:9      | Noticed a two-headed ogre
  9125 | D:9      | Reached skill level 1 in Invocations
  9168 | D:9      | Killed a two-headed ogre
  9282 | D:9      | Found a staircase to the Lair.
  9840 | D:10     | Entered Level 10 of the Dungeon
  9889 | D:10     | Found a transporter.
  9895 | D:10     | Reached skill level 14 in Ice Magic
 10015 | D:10     | Found a sparkling altar of Nemelex Xobeh.
 10334 | D:10     | Reached skill level 5 in Invocations
 10473 | D:10     | Noticed an orc sorcerer
 10504 | D:10     | Found a transporter.
 10630 | D:11     | Noticed a cyclops
 10637 | D:11     | Killed a cyclops
 10704 | D:11     | Reached ** piety under Sif Muna
 10742 | D:11     | Noticed Lodul
 10765 | D:11     | Killed Lodul
 10766 | D:11     | Reached skill level 15 in Ice Magic
 10875 | D:11     | Reached XP level 12. HP: 81/81 MP: 26/26
 11132 | D:11     | Found an opulent altar of Gozag.
 11430 | D:11     | Identified the staff "Gaziclu" {rPois Str+3 Dex+6 Stlth-
                  | Alchemy}
 11922 | Lair:1   | Entered Level 1 of the Lair of Beasts
 12039 | Lair:1   | Found a dark tunnel.
 12049 | Volcano  | Entered a volcano
 12069 | Volcano  | Reached skill level 1 in Fighting
 12255 | Volcano  | Noticed a two-headed ogre
 12277 | Volcano  | Killed a two-headed ogre
 12277 | Volcano  | Reached *** piety under Sif Muna
 12278 | Volcano  | Reached skill level 10 in Invocations
 12291 | Volcano  | Reached skill level 5 in Fighting
 12439 | Volcano  | Noticed a fire dragon
 12792 | Volcano  | Learned a level 5 spell: Freezing Cloud
 12845 | Volcano  | Killed a fire dragon
 13120 | Lair:1   | Reached XP level 13. HP: 101/108 MP: 27/27
 13561 | Lair:2   | Reached skill level 1 in Conjurations
 13561 | Lair:2   | Reached skill level 1 in Air Magic
 13987 | Lair:2   | Found a staircase to the Swamp.
 14865 | Lair:2   | Reached skill level 10 in Fighting
 14914 | Lair:2   | Reached **** piety under Sif Muna
 15871 | Lair:3   | Found a staircase to the Snake Pit.
 16412 | Lair:3   | Reached skill level 5 in Conjurations
 16412 | Lair:3   | Reached skill level 5 in Air Magic
 16621 | Lair:3   | Reached skill level 1 in Shields
 16881 | Lair:4   | Found a gate leading to a gauntlet.
 16966 | Gauntlet | Entered a Gauntlet
 16966 | Gauntlet | Found a transporter.
 16966 | Gauntlet | Found a transporter.
 16966 | Gauntlet | Found a transporter.
 17069 | Gauntlet | Found a transporter.
 17070 | Gauntlet | Found a transporter.
 17074 | Gauntlet | Found a transporter.
 17082 | Gauntlet | Found a transporter.
 17083 | Gauntlet | Found a transporter.
 17084 | Gauntlet | Found a transporter.
 17084 | Gauntlet | Found a transporter.
 17093 | Gauntlet | Found a transporter.
 17093 | Gauntlet | Found a transporter.
 17396 | Gauntlet | Reached XP level 14. HP: 121/121 MP: 25/28
 17709 | Gauntlet | Identified the amulet "Curch" {Spirit Will++ Dex+2}
 17787 | Gauntlet | Identified the +4 morningstar "Isutaff" {flame, rPois rN+
                  | MP+9}
 17827 | Lair:4   | Noticed Josephine
 17849 | Lair:4   | Killed Josephine
 17850 | Lair:4   | Reached skill level 16 in Ice Magic
 18004 | Lair:4   | Noticed Nomaen's ghost (journeyman GnSh)
 18006 | Lair:4   | Found a transporter.
 18027 | Lair:4   | Noticed Nessos
 18040 | Lair:4   | Killed Nessos
 18129 | Lair:4   | Found a transporter.
 18267 | Lair:4   | Acquired the +2 pair of gloves "Syren" {rF+ Will+}
 18308 | Lair:4   | Found a staircase to the Slime Pits.
 19407 | D:12     | Found a staircase to the Orcish Mines.
 19415 | D:12     | Reached skill level 5 in Shields
 20025 | D:13     | Reached ***** piety under Sif Muna
 20065 | D:13     | Reached skill level 17 in Ice Magic
 20688 | Orc:1    | Entered Level 1 of the Orcish Mines
 20783 | Orc:1    | Noticed an orc warlord
 20808 | Orc:1    | Killed an orc warlord
 20819 | Orc:1    | Received a gift from Sif Muna
 20824 | Orc:1    | Got Sif Muna's Tome of the Tundra {god gift}
 20833 | Orc:1    | Learned a level 7 spell: Ozocubu's Refrigeration
 21068 | Orc:1    | Found a roughly hewn altar of Beogh.
 21081 | Orc:1    | Noticed an orc warlord
 21110 | Orc:1    | Killed an orc warlord
 22132 | Orc:2    | Entered Level 2 of the Orcish Mines
 22214 | Orc:2    | Reached skill level 18 in Ice Magic
 22814 | Orc:2    | Found Limpogei's General Store.
 22818 | Orc:2    | Bought a scroll of enchant armour for 120 gold pieces
 22818 | Orc:2    | Bought a scroll of identify for 32 gold pieces
 22824 | Orc:2    | Found Egokitau's Book Shop.
 22828 | Orc:2    | Reached XP level 15. HP: 126/126 MP: 16/29
 22833 | Orc:2    | Bought a book of the Earth for 432 gold pieces
 22840 | Orc:2    | Learned a level 6 spell: Permafrost Eruption
 22995 | Orc:2    | Reached skill level 1 in Earth Magic
 24601 | Orc:2    | Reached skill level 19 in Ice Magic
 24666 | Orc:2    | Found a roughly hewn altar of Beogh.
 24673 | Orc:2    | Found Feagruj's Jewellery Boutique.
 24676 | Orc:2    | Found Otumebu's General Store.
 24683 | Orc:2    | Bought an amulet of magic regeneration for 540 gold pieces
 24683 | Orc:2    | Bought the ring of the Mage {Wiz Archmagi} for 918 gold
                  | pieces
 24683 | Orc:2    | Found the ring of the Mage {Wiz Archmagi}
 24715 | Orc:2    | Bought a scroll of teleportation for 45 gold pieces
 24715 | Orc:2    | Bought a scroll of poison for 60 gold pieces
 24732 | Orc:2    | Received a gift from Sif Muna
 24865 | Orc:2    | Got Sif Muna's Guidebook on Lethal Air {god gift}
 24894 | Orc:2    | Noticed Azrael
 24897 | Orc:2    | Killed Azrael
 24954 | Orc:2    | Found a staircase to the Elven Halls.
 25020 | Orc:2    | Found a roughly hewn altar of Beogh.
 25392 | Lair:5   | Entered Level 5 of the Lair of Beasts
 25595 | Lair:5   | Reached skill level 5 in Earth Magic
 25884 | Lair:5   | Reached skill level 20 in Ice Magic
 26025 | Lair:5   | Reached skill level 1 in Evocations
 26634 | Lair:5   | Received a gift from Sif Muna
 26637 | Lair:5   | Got Sif Muna's Grimoire of Ignition and Nightshade {god
                  | gift}
 27013 | Lair:5   | Reached XP level 16. HP: 134/134 MP: 28/30
 27424 | Lair:5   | Acquired the +3 warlock's mirror {omnireflect}
 27424 | Lair:5   | Found the +3 warlock's mirror {omnireflect}
 27668 | Orc:2    | Bought the ring of the Burning Gods {rElec rF+ rN+} for 777
                  | gold pieces
 28610 | D:14     | Identified the staff of Juokhlel {^Contam rPois rC++ Int+3
                  | Ice Alchemy}
 28827 | D:14     | Found a gate to the Vaults.
 29012 | D:14     | Learned a level 9 spell: Polar Vortex
 29041 | D:15     | Entered Level 15 of the Dungeon
 29318 | D:15     | Reached skill level 5 in Evocations
 29461 | D:15     | Found a burning altar of Makhleb.
 29513 | D:15     | Found a runed translucent door.
 29517 | D:15     | Noticed Lugebuh's ghost (journeyman OpAl)
 29784 | D:15     | Found a staircase to the Depths.
 30005 | D:15     | Noticed Kirke
 30008 | D:15     | Killed Kirke
 30145 | D:15     | Acquired the ring "Vulighih" {*Corrode rN++ Str+3 Dex+6
                  | SInv}
 30322 | Snake:1  | Entered Level 1 of the Snake Pit
 30974 | Snake:1  | Noticed greenbourne's ghost (adept VSFi)
 30975 | Snake:1  | Found a transporter.
 31119 | Snake:1  | Found a transporter.
 31778 | Snake:2  | Received a gift from Sif Muna
 31783 | Snake:2  | Identified the serpent talisman "Zoyf" {*Corrode rF+ rN+}
 31783 | Snake:2  | Noticed Aizul
 31910 | Snake:1  | Killed Aizul
 31964 | Snake:2  | Got Sif Muna's Codex of the Wind and the Dragon {god gift}
 31983 | Snake:2  | Reached XP level 17. HP: 140/140 MP: 11/33
 32042 | Snake:2  | Found Qoetoex's Book Boutique.
 32298 | Snake:2  | Found a runed translucent gate.
 32298 | Snake:2  | Found a runed translucent gate.
 32298 | Snake:2  | Found a runed translucent gate.
 32299 | Snake:2  | Noticed Kimmuar's ghost (adept GrEE)
 32315 | Snake:2  | Noticed Louise
 32320 | Snake:2  | Killed Louise
 33599 | Snake:3  | Noticed Saint Roka
 33626 | Snake:3  | Killed Saint Roka
 33733 | Snake:3  | Reached skill level 21 in Ice Magic
 34277 | Snake:3  | Received a gift from Sif Muna
 34329 | Snake:3  | Got Sif Muna's Volume of the Dusty Sixfirhy {god gift}
 35150 | Swamp:1  | Entered Level 1 of the Swamp
 35252 | Swamp:1  | Reached XP level 18. HP: 151/151 MP: 22/35
 35643 | Swamp:1  | Noticed Nikola
 35649 | Swamp:1  | Killed Nikola
 36053 | Swamp:2  | Reached skill level 22 in Ice Magic
 36060 | Swamp:2  | Received a gift from Sif Muna
 36178 | Swamp:2  | Noticed Mlioglotl
 36189 | Swamp:2  | Killed Mlioglotl
 36459 | Swamp:2  | Noticed a tentacled monstrosity
 36696 | Swamp:2  | Killed a tentacled monstrosity
 37164 | Swamp:3  | Found a glacial archway.
 37375 | IceCv    | Entered an ice cave
 38336 | IceCv    | Received a gift from Sif Muna
 38556 | IceCv    | Noticed a shard shrike
 38563 | IceCv    | Killed a shard shrike
 38692 | IceCv    | Found the brooch of Shielding {Spirit SH+8}
 39006 | Swamp:3  | Reached XP level 19. HP: 165/165 MP: 23/37
 39715 | Swamp:4  | Entered Level 4 of the Swamp
 39719 | Swamp:4  | Reached skill level 15 in Spellcasting
 39862 | Swamp:4  | Reached skill level 23 in Ice Magic
 39981 | Swamp:4  | Received a gift from Sif Muna
 39984 | Swamp:4  | Got Sif Muna's Tome of the Gelid Throng {god gift}
 40603 | Swamp:4  | Noticed the 27-headed Lernaean hydra
 40611 | Swamp:4  | Killed the 27-headed Lernaean hydra
 40620 | Swamp:4  | Got a decaying rune of Zot
 40662 | Swamp:4  | Identified the +8 chain mail of Impatience {rF- rN+ Regen+}
 40908 | Snake:4  | Entered Level 4 of the Snake Pit
 40944 | Snake:4  | Reached skill level 15 in Fighting
 41101 | Snake:4  | Found a burning altar of Makhleb.
 41556 | Snake:4  | Noticed Vashnia
 41722 | Snake:4  | Killed Vashnia
 42259 | Snake:4  | Reached XP level 20. HP: 178/178 MP: 12/39
 42543 | Snake:4  | Received a gift from Sif Muna
 42546 | Snake:4  | Got Sif Muna's Occult Arts, Volume Five {god gift}
 42675 | Snake:4  | Reached skill level 24 in Ice Magic
 42878 | Snake:4  | Got a serpentine rune of Zot
 43269 | Elf:1    | Entered Level 1 of the Elven Halls
 43815 | Elf:1    | Found a magical portal.
 43826 | WizLab   | Entered Doroklohe's Tomb
 44101 | Elf:1    | Paralysed by an air elemental for 1 turns
 44641 | Elf:2    | Acquired 697 gold pieces
 45333 | Elf:2    | Found a runed translucent gate.
 45334 | Elf:2    | Found a runed translucent gate.
 45334 | Elf:2    | Found a runed translucent gate.
 45821 | Elf:2    | Noticed Jorgrun
 45852 | Elf:2    | Killed Jorgrun
 46301 | Vaults:1 | Entered Level 1 of the Vaults
 46318 | Vaults:1 | Reached ****** piety under Sif Muna
 46622 | Vaults:1 | Received a gift from Sif Muna
 46625 | Vaults:1 | Got Sif Muna's Precepts of Incorporation {god gift}
 46843 | Vaults:1 | Reached XP level 21. HP: 184/184 MP: 13/40
 46998 | Vaults:1 | Reached skill level 10 in Evocations
 47659 | Vaults:1 | Found Moruycsi's Weapon Emporium.
 47663 | Vaults:1 | Reached skill level 25 in Ice Magic
 47818 | Vaults:1 | Reached skill level 10 in Earth Magic
 48625 | Vaults:2 | Reached skill level 1 in Armour
 49073 | Vaults:2 | Received a gift from Sif Muna
 49076 | Vaults:2 | Got Sif Muna's Octavo of Dislocated Abominable Liturgies
                  | {god gift}
 49653 | Vaults:2 | Found a staircase to the Crypt.
 50250 | Vaults:3 | Identified the +0 scale mail "Wopteullyo" {Rampage rF+
                  | Stlth+}
 50550 | Vaults:3 | Learned a level 5 spell: Borgnjor's Vile Clutch
 50638 | Vaults:3 | Noticed Donald
 50644 | Vaults:3 | Killed Donald
 50791 | Vaults:3 | Noticed Margery
 50837 | Vaults:3 | Killed Margery
 50843 | Vaults:3 | Reached skill level 5 in Armour
 50898 | Vaults:3 | Reached XP level 22. HP: 192/192 MP: 35/41
 51638 | Vaults:4 | Received a gift from Sif Muna
 51701 | Vaults:4 | Learned a level 2 spell: Blink
 53383 | Vaults:4 | Acquired 656 gold pieces
 53682 | Slime:1  | Entered Level 1 of the Pits of Slime
 53748 | Slime:2  | Received a gift from Sif Muna
 53750 | Slime:2  | Got Sif Muna's Advanced Witchery {god gift}
 54322 | Slime:5  | Entered Level 5 of the Pits of Slime
 54603 | Slime:5  | Noticed the Royal Jelly
 54726 | Slime:5  | Killed the Royal Jelly
 54727 | Slime:5  | Reached skill level 10 in Shields
 54727 | Slime:5  | Reached XP level 23. HP: 142/199 MP: 24/42
 54785 | Slime:5  | Found the +8 Vampire's Tooth {megavamp}
 54787 | Slime:5  | Found the +16 obsidian axe {drain, demonic, Mesm ^Drain Fly
                  | SInv}
 54825 | Slime:5  | Got Sif Muna's Notes on Fey Albedo
 54888 | Slime:5  | Identified the ring of Geamez {rC++ Str+6 Int+3}
 54899 | Slime:5  | Got a slimy rune of Zot
 55089 | Lair:4   | Killed Nomaen's ghost
 55089 | Lair:4   | Received a gift from Sif Muna
 55092 | Lair:4   | Got Sif Muna's Vellum of Frosty Minerals {god gift}
 55101 | Lair:4   | Identified the ring of Music {rF+ rC+ rCorr Dex+6}
 55415 | Vaults:1 | Identified the +1 leather armour of Taymut {Harm rF- Dex+7}
 55796 | D:8      | Noticed Joseph
 55799 | D:8      | Killed Joseph
 56318 | Depths:1 | Entered Level 1 of the Depths
 56409 | Depths:1 | Reached skill level 15 in Earth Magic
 56540 | Depths:1 | Found a gateway to Hell.
 57157 | Depths:1 | Found Qahir's CLEARANCE SALE!.
 57165 | Depths:1 | Bought a potion of curing for 15 gold pieces
 57678 | Depths:2 | Reached skill level 10 in Armour
 58299 | Depths:2 | Received a gift from Sif Muna
 58368 | Depths:2 | Got Sif Muna's Incunabulum of Lithomancy and Electrocution
                  | {god gift}
 58379 | Depths:2 | Found a one-way gate to the infinite horrors of the Abyss.
 58584 | Depths:2 | Found Goti's Armour Boutique.
 58856 | Depths:2 | Found a one-way gate leading to the halls of Pandemonium.
 58997 | Depths:3 | Identified the +2 robe "Giah" {rC+ rN++}
 58997 | Depths:3 | Noticed Boris
 59045 | Depths:3 | Killed Boris
 59261 | Depths:3 | Noticed Mara
 59283 | Depths:3 | Killed Mara
 59512 | Depths:3 | Reached skill level 5 in Dodging
 59546 | Depths:3 | Reached XP level 24. HP: 206/206 MP: 24/42
 59992 | Depths:3 | Reached skill level 26 in Ice Magic
 60436 | Depths:3 | Acquired 540 gold pieces
 60497 | Depths:4 | Entered Level 4 of the Depths
 60635 | Depths:4 | Found a stormy altar of Qazlal.
 61019 | Depths:4 | Received a gift from Sif Muna
 61576 | Depths:4 | Found a one-way gateway to a ziggurat.
 62158 | Depths:4 | Found a gate to the Realm of Zot.
 62359 | Depths:4 | Found Gunufew's Book Emporium.
 62360 | Depths:4 | Found Xatseapn's Jewellery Boutique.
 62360 | Depths:4 | Found Xamosiytso's Jewellery Boutique.
 62524 | Zot:1    | Entered Level 1 of the Realm of Zot
 62931 | Zot:1    | Received a gift from Sif Muna
 63540 | Zot:1    | Reached XP level 25. HP: 205/213 MP: 23/42
 63741 | Zot:2    | Received a gift from Sif Muna
 63742 | Zot:2    | Reached skill level 27 in Ice Magic
 63742 | Zot:2    | Got Sif Muna's Notes on the Transmuted Retinue {god gift}
 64250 | Zot:3    | Reached skill level 10 in Dodging
 64261 | Zot:3    | Noticed a Killer Klown
 64302 | Zot:3    | Killed a Killer Klown
 64802 | Zot:5    | Entered Level 5 of the Realm of Zot
 64994 | Zot:5    | Learned a level 9 spell: Shatter
 65889 | Zot:5    | Noticed an orb of fire
 65899 | Zot:5    | Killed an orb of fire
 65899 | Zot:5    | Received a gift from Sif Muna
 65920 | Zot:5    | Noticed an orb of fire
 65935 | Zot:5    | Killed an orb of fire
 66034 | Zot:5    | Noticed a dread lich
 66045 | Zot:5    | Killed a dread lich
 66101 | Zot:5    | Noticed an ancient lich
 66116 | Zot:5    | Killed an ancient lich
 66117 | Zot:5    | Reached skill level 5 in Stealth
 66433 | Zot:5    | Reached XP level 26. HP: 220/224 MP: 5/42
 66568 | Zot:5    | Noticed an orb of fire
 66579 | Zot:5    | Killed an orb of fire
 66660 | Zot:5    | Noticed a Killer Klown
 66663 | Zot:5    | Killed a Killer Klown
 66729 | Zot:5    | Noticed a Killer Klown
 66748 | Zot:5    | Noticed a Killer Klown
 66756 | Zot:5    | Killed a Killer Klown
 66767 | Zot:5    | Killed a Killer Klown
 66821 | Zot:5    | Learned a level 1 spell: Apportation
 66831 | Zot:5    | Noticed an orb of fire
 66836 | Zot:5    | Killed an orb of fire
 67008 | Zot:5    | Got the Orb of Zot
 67144 | Zot:4    | Received a gift from Sif Muna
 67145 | Zot:4    | Got Sif Muna's Tractate on Intoxication and the Blaze {god
                  | gift}
 67284 | Depths:1 | Noticed Fuor the pandemonium lord
 67290 | Depths:1 | Killed Fuor the pandemonium lord
 67539 | D:$      | Escaped with the Orb!

Illustrated notes

Levels and vault maps discovered:
D:1:      dpeg_arrival_boxorama, layout_loops_ring, minivault_24,
          minmay_fountain_box
D:2:      layout_basic, grunt_ministairs_8
D:3:      layout_basic, nicolae_overflow_ecumenical_swirl,
          lightli_temple_of_fire, uniq_terence, uniq_sigmund
D:4:      layout_rooms, okawaru_metal_pillars_1_2,
          minmay_misc_feat_secret_circle
D:5:      layout_basic, cheibrodos_ashenzari_chains,
          amethyst_overflow_temple_binary, minmay_temple_entry_gardened_gates
D:6:      lemuel_castle_with_subvaults [lemuel_castle_interior_carwin_3],
          layout_rooms, nicolae_overflow_crystal_walls,
          chequers_ossuary_entry_cave, uniq_edmund
D:7:      layout_loops_ring, mainiacjoe_overflow_catwalk, serial_shops, shop,
          eino_tiny_chamber, minmay_circle_x
D:8:      layout_loops_ring, lemuel_doored_altar, uniq_grum, uniq_joseph
D:9:      layout_long_grid, mainiacjoe_overflow_surrounded_room,
          erik_lair_orcish_takeover
D:10:     gammafunk_wand_slinger, layout_basic,
          nemelex_xobeh_ov_fountains_minmay
D:11:     minmay_spotlight, layout_basic, minmay_strange_pillars,
          nicolae_gozag_cash_rules_everything_around_me, uniq_lodul
D:12:     hellmonk_destroyed_diamonds, layout_rooms, minmay_orc_entry_guard_dogs
D:13:     layout_loops_ring
D:14:     layout_rooms, david_vaults_1, hangedman_abyss_or_decor_stabs,
          minmay_diamond_spiral
D:15:     hangedman_depths_entry_try_elsewhere_first, layout_basic,
          bloody_makhleb, hellmonk_ghost_happy_afterlife, uniq_kirke
Temple:   jpeg_temple_clearing
Lair:1:   layout_big_grid, lightli_volcano_entry_magma_tube
Lair:2:   layout_chaotic_city, minmay_swamp_entry_worms,
          kennysheep_abandoned_house, serial_bayou_shore_b
Lair:3:   layout_layer_cave, alex1729_snake_entry_snake, beast_lair_carwin_7
Lair:4:   layout_long_grid, dpeg_slime_entry_enclosed, gammafunk_ghost_arena,
          gauntlet_entry_generic, nicolae_quartered_pool_super, uniq_josephine,
          uniq_nessos
Lair:5:   wormcave, layout_layer_cave, chequers_serial_rivers_room_a,
          serial_bayou_pond_b, grunt_megastairs_2, lemuel_fruit_tree
Swamp:1:  cheibrodos_swamp_tower_of_moss, layout_falls_marsh,
          evilmike_swamp_ruin_rubble_1, uniq_nikola
Swamp:2:  nzn_winding_woodlands_three_and_one
          [nzn_winding_woodlands_5x15_concentric,
          nzn_winding_woodlands_5x15_crooked,
          nzn_winding_woodlands_5x15_longhouse,
          nzn_winding_woodlands_center_diamonds], layout_falls_marsh,
          hangedman_swamp_ruin_wall, uniq_mlioglotl
Swamp:3:  layout_falls_marsh, portal_ice_cave_entry_frozen_things,
          evilmike_swamp_ruin_house_1, swamp_pool_3, infiniplex_staircase_pool
Swamp:4:  grunt_swamp_rune_castle, layout_basic_swamp, swamp_pool_3
Snake:1:  layout_grid_maze, gammafunk_ghost_arena, nrook_loot_triangle,
          st_stairs_2, grunt_ministairs_10
Snake:2:  layout_onion_interference, gammafunk_ghost_split, serial_shops, shop,
          nicolae_snake_dead_anacondas, uniq_aizul, uniq_louise
Snake:3:  layout_misc_corridors, nicolae_snake_springs, grunt_megastairs_3,
          uniq_saint_roka
Snake:4:  johnstein_snake_rune_scales, layout_misc_corridors, basic_altar,
          drop_trap, uniq_vashnia
Slime:1:  layout_caves, cheibrodos_slime_lost_civilization_7
Slime:2:  layout_caves
Slime:3:  layout_caves, nicolae_slime_rock_hall_of_fame
Slime:4:  layout_caves
Slime:5:  slime_pit
Orc:1:    layout_diamond_mine, basic_altar, nicolae_orc_rockfall
Orc:2:    st_orc_town, layout_caves, basic_altar, mines5_lemuel, uniq_azrael
Elf:1:    eino_elf_arrival_sip, layout_loops_corners,
          portal_desolation_entry_nicolae_slug, mu_enter_wizlab_6,
          hangedman_corner_corridor, drop_trap
Elf:2:    nicolae_elf_blades_crystal_corner, layout_onion_city,
          serial_co_window_serial, co_window_of_opportunity_a,
          co_window_of_opportunity_a, co_window_paths_b, co_window_paths_b,
          co_window_corner_a, co_window_2corner, co_window_corner_b,
          co_window_cross_2, glass_columns_b, glass_columns_c, glass_columns_c,
          glass_columns_c, uniq_jorgrun
Vaults:1: v_misc_18, nicolae_vaults_heist, v_misc_2,
          nicolae_vaults_taking_the_gang_shopping, v_misc_32,
          ontoclasm_vaults_bender, nicolae_vaults_trapezoid_3,
          nicolae_vaults_asterisk, hangedman_vaults_unwind,
          nicolae_vaults_rhombus_7, layout_vaults_omnigrid
Vaults:2: ontoclasm_vaults_ring_small, minmay_crypt_entry_simple_corners,
          v_misc_33, v_pattern_1, grunt_vaults_twisty,
          grunt_vaults_hallway_short, nicolae_vaults_stairing_the_circle,
          grunt_vaults_funnel, nicolae_vaults_apartment_1,
          hangedman_vaults_nails, nicolae_vaults_diamond_1,
          nicolae_vaults_house_1, layout_vaults_omnicross
Vaults:3: nicolae_vaults_turnstiles, ontoclasm_vaults_shuriken,
          nicolae_vaults_circle_grid_b, hangedman_vaults_capsules,
          nicolae_vaults_weapon_check, nicolae_vaults_trapezoid_lopsided_4,
          vaults_dpeg_ring, v_pattern_5, vaults_dpeg_hooks, v_alt_pattern_6,
          hangedman_vaults_slice, nicolae_vaults_tetromino_L_2,
          nicolae_vaults_storage_room_glass, layout_vaults_ring, uniq_donald,
          uniq_margery
Vaults:4: gargoyle_guard, grunt_vaults_hallway_short, v_misc_10,
          nicolae_vaults_more_shelving_2, nicolae_vaults_shrinking_rooms_1,
          hangedman_vaults_slither, nicolae_vaults_yaktaur_gun_rack,
          dpeg_vaults_monster_box, nicolae_vaults_storage_room_statues,
          v_misc_25, layout_vaults_big_room
Depths:1: layout_gridville, nicolae_figureground_pulse, grunt_metal_band,
          nicolae_shop_clearance
Depths:2: nicolae_cairo_tiling_large, layout_cave_pools, grunt_pan_entry_spiral,
          pf_vacation_house_of_asmodeus, serial_shops, shop_statue,
          abyss_entry_crystal
Depths:3: hellmonk_ruined_rings, layout_basic,
          regret_index_abyss_entry_earlier_magic, grunt_hell_entry_dis_old,
          minmay_staircase_bubble, uniq_mara, uniq_boris
Depths:4: grunt_x_marks_the_spot, layout_honeycomb, enter_ziggurat_f,
          nicolae_qazlal_style_of_elements, hell_entry,
          hangedman_abyss_or_decor_lesser_grid, minmay_shop_grove
Zot:1:    lemuel_halls_of_wrath, layout_gridlike, ebering_ghost_xom,
          uniq_josephina
Zot:2:    layout_misc_corridors, ebering_ghost_inner_flame
Zot:3:    layout_cathedral_of_symmetry, ebering_ghost_disaster_area,
          basic_altar, hangedman_zot_gyre
Zot:4:    layout_twisted_circle, regret_index_zotdec_iron_s, grunt_ministairs_1
Zot:5:    layout_misc_corridors

Skill      XL: |  1  2  3  4  5  6  7  8  9 10 11 12 13 14 15 16 17 18 19 20 21 22 23 24 25 26 |
---------------+-------------------------------------------------------------------------------+-----
Spellcasting   | 2 3 4 5 6 8 10 12 13 14 15 16 | 16.0
Ice Magic      | 5 6 7 8 9 11 13 15 18 20 21 22 23 24 25 26 27 | 27.0
Invocations    | 7 10 12 13 14 | 14.0
Fighting       | 8 10 11 13 15 16 | 16.8
Conjurations   | 5 |  5.0
Air Magic      | 5 |  5.0
Shields        | 2 5 7 10 | 10.0
Earth Magic    | 5 8 12 14 16 18 20 21 | 21.0
Evocations     | 2 6 7 9 10 | 10.0
Armour         | 5 8 10 | 10.0
Dodging        | 5 8 10 | 10.0
Stealth        | 5 |  5.0

Action                     |  1- 3 |  4- 6 |  7- 9 | 10-12 | 13-15 | 16-18 | 19-21 | 22-24 | 25-27 || total
---------------------------+-------+-------+-------+-------+-------+-------+-------+-------+-------++-------
  Melee: Spear             |    30 |    40 |   111 |   222 |       |       |       |       |       ||   403
         Rapier            |       |       |       |     1 |   156 |     7 |       |       |       ||   164
         Staff             |       |       |       |       |       |    12 |     4 |     6 |       ||    22
  Throw: Dart              |       |       |       |     1 |     1 |       |       |       |       ||     2
   Cast: Freeze            |    41 |    44 |    36 |   128 |    41 |       |       |       |       ||   290
         Frozen Ramparts   |       |     6 |    28 |    67 |    61 |     1 |       |       |       ||   163
         Ozocubu's Armour  |       |     5 |    11 |    35 |    52 |     3 |     1 |     3 |       ||   110
         Summon Ice Beast  |       |     3 |    28 |    87 |    67 |    12 |     2 |       |       ||   199
         Freezing Cloud    |       |       |       |     4 |   107 |    30 |     5 |     1 |       ||   147
         Ozocubu's Refrige |       |       |       |       |    93 |   134 |   170 |   211 |    68 ||   676
         Permafrost Erupti |       |       |       |       |    96 |   321 |   339 |   421 |   154 ||  1331
         Polar Vortex      |       |       |       |       |       |     7 |     8 |    14 |    13 ||    42
         Borgnjor's Vile C |       |       |       |       |       |       |     6 |     2 |       ||     8
         Blink             |       |       |       |       |       |       |       |     9 |     1 ||    10
         Apportation       |       |       |       |       |       |       |       |       |     1 ||     1
 Invoke: Channel Magic     |       |       |       |     1 |     3 |     9 |     1 |     5 |     4 ||    23
  Evoke: Wand              |       |       |       |     5 |     5 |     2 |       |     2 |     3 ||    17
         Box of beasts     |       |       |       |       |       |     1 |       |       |       ||     1
    Use: Scroll            |       |       |       |    17 |     8 |    19 |     7 |    10 |    10 ||    71
         Potion            |       |       |       |     5 |       |     3 |     1 |     4 |     7 ||    20
   Stab: Sleeping          |     6 |     4 |     3 |     1 |       |       |       |       |       ||    14
         Distracted        |       |       |     2 |       |     2 |       |     1 |       |       ||     5
         Paralysed         |       |       |       |     6 |     4 |       |       |       |       ||    10
 Armour: Robe              |    24 |    44 |    88 |    54 |       |       |       |       |       ||   210
         Animal skin       |       |       |       |   171 |       |       |       |       |       ||   171
         Steam dragon scal |       |       |       |    79 |   340 |   259 |   130 |   202 |    75 ||  1085
         Ring mail         |       |       |       |       |       |       |       |       |    62 ||    62
  Dodge: Dodged            |    27 |    39 |    67 |   196 |   185 |    78 |    47 |    66 |    42 ||   747
  Block: Buckler           |       |       |       |    43 |    51 |    65 |    38 |    51 |    42 ||   290
         Reflection        |       |       |       |       |       |     3 |    13 |    16 |    14 ||    46

Table legend: (Time is in decaauts)
 A = Elapsed time spent in this place.
 B = Non-inter-level travel time spent in this place.
 C = Inter-level travel time spent in this place.
 D = Time resting spent in this place.
 E = Time spent auto-exploring this place.
 F = Levels seen in this place.
 G = Mean time per level.
                   A        B        C        D        E       F      G
               +--------+--------+--------+--------+--------+-----+--------+
         Total |  68059 |  63190 |   4869 |  11964 |  36806 |  55 | 1237.4 |
       Dungeon |  17892 |  15884 |   2008 |    878 |  11778 |  15 | 1192.8 |
        Temple |      5 |      5 |      0 |      0 |      0 |   1 |    5.0 |
          Lair |   8140 |   7214 |    926 |    461 |   5288 |   5 | 1628.0 |
         Swamp |   4327 |   4130 |    197 |   1082 |   1914 |   4 | 1081.8 |
     Snake Pit |   6985 |   6534 |    451 |   1626 |   3781 |   4 | 1746.2 |
    Slime Pits |   1347 |   1337 |     10 |    729 |      7 |   5 |  269.4 |
  Orcish Mines |   4750 |   4476 |    274 |    506 |   3225 |   2 | 2375.0 |
   Elven Halls |   2747 |   2665 |     82 |    376 |   1805 |   2 | 1373.5 |
        Vaults |   7484 |   7091 |    393 |   1184 |   4629 |   4 | 1871.0 |
        Depths |   6734 |   6276 |    458 |   1734 |   3366 |   4 | 1683.5 |
           Zot |   4234 |   4169 |     65 |   2246 |    346 |   5 |  846.8 |
      Ice Cave |   1562 |   1562 |      0 |    695 |    350 |   1 | 1562.0 |
       Volcano |    844 |    844 |      0 |    148 |     24 |   1 |  844.0 |
        Wizlab |    174 |    174 |      0 |     91 |      0 |   1 |  174.0 |
      Gauntlet |    828 |    828 |      0 |    208 |    291 |   1 |  828.0 |
               +--------+--------+--------+--------+--------+-----+--------+

Top non-repeatable levels by time:
   Orc:2: 3261 daAuts
  Lair:3: 2315 daAuts
   Zot:5: 2314 daAuts
Vaults:1: 2220 daAuts
Depths:3: 2098 daAuts
 Snake:4: 2027 daAuts
  Lair:5: 1987 daAuts
Depths:4: 1974 daAuts
Vaults:4: 1908 daAuts
 Snake:2: 1758 daAuts
     D:6: 1751 daAuts
Vaults:2: 1700 daAuts
  Lair:2: 1676 daAuts
Vaults:3: 1655 daAuts
 Snake:3: 1633 daAuts
